 Dungeon Sprint DCSS version 0.20-a0-269-g17f5411 (webtiles) character file.

2 Faca the Shield-Bearer (level 1, -4/19 HPs)
             Began as a Formicid Fighter on Dec 8, 2016.
             Was an Initiate of Okawaru.
             Slain by a gnoll
             ... wielding a +0 spear
              (7 damage)
             ... in the Dungeon (Sprint VII: "The Pits").
             The game lasted 00:01:21 (96 turns).

Faca the Shield-Bearer (Formicid Fighter)             Turns: 96, Time: 00:01:21

Health: -4/19      AC:  6    Str: 20    XL:     1   Next: 33%
Magic:  1/1        EV:  7    Int:  7    God:    Okawaru [......]
Gold:   0          SH:  9    Dex: 10    Spells: 0/0 levels left

rFire  . . .     SeeInvis +     l - +2 mace
rCold  . . .     Gourm    .     b - +0 scale mail
rNeg   . . .     Faith    .     c - +0 shield
rPois  .         Spirit   .     (helmet unavailable)
rElec  .         Reflect  .     (no cloak)
rCorr  .         Harm     .     (no gloves)
MR     .....                    (no boots)
Stlth  ..........               (no amulet)
                                (no ring)
                                (no ring)

@: no status effects
A: permanent stasis, dig shafts and tunnels, four strong arms, antennae 3
a: Dig, Renounce Religion


You were in the Dungeon.
You worshipped Okawaru.
Okawaru was noncommittal.
You were not hungry.

You visited 1 branch

Inventory:

Hand Weapons
 a - a +0 war axe
 h - a +2 trident
 l - a +2 mace (weapon)
Armour
 b - a +0 scale mail (worn)
 c - a +0 shield (worn)
Scrolls
 n - 3 scrolls of remove curse
 o - 5 scrolls of amnesia
 p - a scroll of summoning
Potions
 d - a potion of might
 e - a potion of curing
 g - a potion of heal wounds
 i - 4 potions of magic
 m - 2 potions of invisibility
Comestibles
 f - 8 bread rations
 q - 40 fruits
 r - 7 meat rations


   Skills:
 + Level 3.8 Fighting
 + Level 2.0 Axes
 + Level 3.6 Armour
 + Level 3.8 Shields


You couldn't memorise any spells.
You didn't know any spells.

Dungeon Overview and Level Annotations

Branches:
Dungeon (1/1)

Altars:
Ashenzari
Cheibriados
Dithmenos
Elyvilon
Fedhas
Gozag
Hepliaklqana
Kikubaaqudgha
Makhleb
Nemelex Xobeh
Okawaru
Qazlal
Ru
Sif Muna
Trog
Uskayaw
Vehumet
Xom
Yredelemnul
Zin
The Shining One
Beogh
Jiyva
Lugonu


Innate Abilities, Weirdness & Mutations

You cannot be hasted, slowed, berserked, paralysed or teleported.
You can dig through walls and to a lower floor.
Your four strong arms can wield two-handed weapons with a shield.
You have a pair of large antennae on your head. (SInv)


Message History

There is an open door here.
The gnoll hits you with a spear.
You hit the gnoll.
The gnoll is heavily wounded.
You block the gnoll's attack. The gnoll hits you with a spear!
* * * LOW HITPOINT WARNING * * *
You hit the gnoll but do no damage.
The gnoll is moderately wounded.
The gnoll hits you with a spear.
* * * LOW HITPOINT WARNING * * *
You hit the gnoll.
The gnoll is heavily wounded.
You block the gnoll's attack.
You hit the gnoll.
The gnoll is heavily wounded.
The gnoll barely misses you.
You closely miss the gnoll.
The gnoll is heavily wounded.
You block the gnoll's attack. The gnoll hits you with a spear!
You die...

#__________#
#__________#
#____#####'###########+
######.))#.##..........
#.?(?'.))'.##......#..#
##########.##..........
#...........'..........
#+#####'#####......#..#
{#@.# #.......... +g.#
####'#####+ { ####
#.......# {{ #.......#
{ #.......# #...<...# {
{ #.......# #.......#
#.......# {


You could see a gnoll.

Vanquished Creatures
  A bat zombie (D)
  A giant cockroach zombie (D)
2 creatures vanquished.

Notes
Turn   | Place    | Note
-------+----------+-------------------------------------------
     0 | D        | Faca the Formicid Fighter began the quest for the Orb.
     0 | D        | Reached XP level 1. HP: 18/18 MP: 1/1
    54 | D        | Found a radiant altar of Vehumet.
    54 | D        | Found a hide-covered altar of Uskayaw.
    54 | D        | Found an ancient bone altar of Kikubaaqudgha.
    54 | D        | Found a viscous altar of Jiyva.
    54 | D        | Found a hazy altar of Hepliaklqana.
    55 | D        | Found a bloodstained altar of Trog.
    55 | D        | Found a deep blue altar of Sif Muna.
    55 | D        | Found a sacrificial altar of Ru.
    55 | D        | Found a stormy altar of Qazlal.
    55 | D        | Found an iron altar of Okawaru.
    55 | D        | Found a sparkling altar of Nemelex Xobeh.
    55 | D        | Found an opulent altar of Gozag.
    55 | D        | Found a blossoming altar of Fedhas.
    55 | D        | Found a white marble altar of Elyvilon.
    55 | D        | Found a shadowy altar of Dithmenos.
    55 | D        | Found a snail-covered altar of Cheibriados.
    56 | D        | Found a glowing golden altar of the Shining One.
    56 | D        | Found a glowing silver altar of Zin.
    57 | D        | Found a burning altar of Makhleb.
    57 | D        | Found a basalt altar of Yredelemnul.
    57 | D        | Found a roughly hewn altar of Beogh.
    58 | D        | Found a corrupted altar of Lugonu.
    58 | D        | Found a shimmering altar of Xom.
    58 | D        | Found a shattered altar of Ashenzari.
    69 | D        | Became a worshipper of Warmaster Okawaru
    96 | D        | Slain by a gnoll

Vault maps used:
D:        pitsprint

Action                   || total
-------------------------++-------
Melee: Mace              ||     7
       War axe           ||     1
Armor: Scale mail        ||     1
Dodge: Dodged            ||     3
Block: Shield            ||     5
